 Dungeon Crawl Stone Soup version 0.29.1-12-g30fa7ad0bf (webtiles) character file.

Game seed: 15373239995469989928

1566 retardedninja the Cleaver (level 8, -1/71 HPs)
             Began as a Hill Orc Fighter on Dec 15, 2022.
             Was an Initiate of Gozag.
             Killed from afar by Pikel (11 damage)
             ... with a bolt of acid
             ... on level 6 of the Dungeon.
             The game lasted 00:09:20 (7447 turns).

retardedninja the Cleaver (Hill Orc Fighter)        Turns: 7447, Time: 00:09:21

Health: -1/71      AC: 15    Str: 21    XL:     8   Next: 90%
Magic:  8/8        EV:  3    Int:  8    God:    Gozag
Gold:   77         SH: 12    Dex: 10    Spells: 7/7 levels left

rFire   . . .      SeeInvis .   a - +1 war axe
rCold   . . .      Faith    .   o - +0 tower shield
rNeg    . . .      Spirit   .   q - +0 plate armour
rPois   .          Reflect  .   (no helmet)
rElec   .          Harm     .   p - +0 cloak
rCorr   .          Rampage  .   l - +0 pair of gloves
Will    .....                   (no boots)
Stlth   ..........              (no amulet)
HPRegen 0.21/turn               (no ring)
MPRegen 0.11/turn               (no ring)

@: gold aura, hasted, very quick
A: no striking features
a: Renounce Religion, Potion Petition, Call Merchant, Bribe Branch


You were on level 6 of the Dungeon.
You worshipped Gozag.
Gozag was noncommittal.
You visited 2 branches of the dungeon, and saw 7 of its levels.

You collected 557 gold pieces.
You spent 357 gold pieces at shops.
You paid 123 gold pieces to Gozag.

Inventory:

Hand Weapons
 a - a +1 war axe (weapon)
Armour
 l - a +0 pair of gloves (worn)
 o - a +0 tower shield (worn)
 p - a +0 cloak (worn)
 q - a +0 plate armour (worn)
Jewellery
 i - a ring of magical power
Scrolls
 f - 4 scrolls of poison
Potions
 b - 2 potions of attraction
 d - a potion of heal wounds
 e - a potion of curing
 g - 2 potions of flight
 j - a potion of berserk rage {unknown}
 k - a potion of cancellation {unknown}
 m - 2 potions of lignification {unknown}


   Skills:
 + Level 6.6 Fighting
 + Level 10.2 Axes
 + Level 6.3 Armour
 - Level 0.5 Dodging
 * Level 5.1 Shields


You had 7 spell levels left.
You didn't know any spells.
Your spell library contained the following spells:

 Spells                   Type           Power      Damage    Failure   Level
 Dazzling Flash           Conj/Hex       0%         N/A       100%        3
 Ignite Poison            Fire/Tmut/Pois 0%         N/A       100%        3
 Portal Projectile        Hex/Tloc       0%         N/A       100%        3
 Fulminant Prism          Conj/Hex       0%         3d6       100%        4
 Iskenderun's Mystic Bla  Conj/Tloc      0%         2d3       100%        4
 Alistair's Intoxication  Tmut/Pois      0%         N/A       100%        5
 Lee's Rapid Deconstruct  Erth           0%         3d5*      100%        5


Dungeon Overview and Level Annotations

Branches:
Dungeon (6/15)             Temple (1/1) D:5

Altars:
Cheibriados
Dithmenos
Fedhas
Gozag
Hepliaklqana
Kikubaaqudgha
Makhleb
Okawaru
Qazlal
Ru
Sif Muna
Trog
Vehumet
Wu Jian
Zin
The Shining One

Shops:
D:6 *

Annotations:
D:6 Pikel


Message History

Pikel hits you but does no damage. The lemure hits you but does no damage.
You feel yourself speed up. You block the lemure's attack.
The ice beast hits you but does no damage.
Pikel hits you with a +1 whip of freezing.
Pikel freezes you. The lemure hits you but does no damage.
You miss Pikel. You hit the ice beast but do no damage.
You hit the lemure but do no damage. You slash the lemure!
You hit Pikel but do no damage. You slash the ice beast!
You kill the ice beast!
You closely miss the lemure. You hit the lemure.
You block the lemure's attack. x2
Pikel hits you with a +1 whip of freezing!
Pikel freezes you.
You hit Pikel.
Pikel is lightly wounded.
You slash the lemure! You hit the lemure.
The lemure hits you but does no damage. The lemure barely misses you.
You block Pikel's attack.
You barely miss Pikel.
Pikel is lightly wounded.
You hit the lemure but do no damage. You closely miss the lemure.
You block the lemure's attack. The lemure hits you but does no damage.
You block Pikel's attack.
You hit Pikel.
Pikel is lightly wounded.
You closely miss the lemure. You slash the lemure!
You kill the lemure!
That felt strangely unrewarding.
You block the lemure's attack.
Pikel zaps a wand.
The bolt of acid hits you!
* * * LOW HITPOINT WARNING * * *
You hit Pikel but do no damage.
Pikel is lightly wounded.
You hit the lemure but do no damage. The lemure hits you.
* * * LOW HITPOINT WARNING * * *
Pikel is distracted by your dazzling golden aura.
The lemure is distracted by your dazzling golden aura.
You barely miss Pikel.
Pikel is no longer distracted by gold.
Pikel is lightly wounded.
You barely miss the lemure.
Pikel zaps a wand.
The bolt of acid hits you!
You die...
Your body crumbles into a pile of gold.

<..#
#...####.........###.... #
..>..# #..## #.............#
# ####..##..#
#......##.[...# # ..#..#
#.............# ### ....#
##.....<##..##.###.. .....
#..(...............#
..###.###...#5..#......P(###
#. #......5KZ#...##..P..#
##...$@#5##..###..PP###
#>..#.$...##..# #P...#..
..)...###....## #....#..
#..... .....# ##.#.... .....
......# #.....[. #.)..
...........#.... ....
....)..#.###... ..P. .###...
##.# ###. #..


You could see Pikel, 2 lemures and a howler monkey skeleton.

Vanquished Creatures
  A wraith (D:6)
  Menkaure (D:4)
  A black bear (D:5)
  2 ice beasts (D:6)
  A lemure (D:6)
  A phantom (D:6)
  2 scorpions
  2 bullfrog zombies (D:6)
  A centaur zombie (D:6)
  2 hounds (D:5)
  2 jellies
  2 bullfrog skeletons (D:6)
  A centaur skeleton (D:6)
  2 iguanas
  An orc wizard (D:6)
  A killer bee zombie (D:6)
  10 adders
  15 gnolls
  A shadow imp (D:5)
  4 white imps
  An ufetubus (D:6)
  3 dart slugs
  4 orcs
  13 ball pythons
  6 endoplasms
  6 giant cockroaches
  34 hobgoblins
  3 jackals (D:1)
  4 quokkas
  6 bats
  A frilled lizard (D:1)
  20 goblins
  6 kobolds
  4 rats
  A spectral kobold (D:4)
165 creatures vanquished.

Vanquished Creatures (others)
  A withered plant (D:6)
1 creature vanquished.

Grand Total: 166 creatures vanquished

Notes
Turn   | Place    | Note
-------+----------+-------------------------------------------
     0 | D:1      | retardedninja the Hill Orc Fighter began the quest for the
                  | Orb.
     0 | D:1      | Reached XP level 1. HP: 19/19 MP: 1/1
    32 | D:1      | Reached XP level 2. HP: 17/27 MP: 2/2
   285 | D:1      | Reached skill level 3 in Axes
   365 | D:1      | Reached XP level 3. HP: 26/33 MP: 3/3
  1509 | D:2      | Reached skill level 4 in Axes
  1563 | D:2      | Reached XP level 4. HP: 39/40 MP: 4/4
  2052 | D:3      | Found a glowing silver altar of Zin.
  2462 | D:3      | Identified the +2 quarterstaff of Cafaibet {flame, Fly rC+
                  | Str+2}
  2562 | D:3      | Found a faded altar of an unknown god.
  2622 | D:3      | Found a blossoming altar of Fedhas.
  2673 | D:3      | Got Sif Muna's Discourse on Alluring Reformation
  2955 | D:3      | Reached XP level 5. HP: 36/47 MP: 5/5
  3203 | D:3      | Reached skill level 5 in Axes
  3428 | D:3      | Reached XP level 6. HP: 28/53 MP: 6/6
  3960 | D:3      | Reached skill level 6 in Axes
  4845 | D:4      | Found an iron altar of Okawaru.
  4869 | D:4      | Reached skill level 5 in Fighting
  5221 | D:4      | Found a glowing golden altar of the Shining One.
  5417 | D:4      | Found a hazy altar of Hepliaklqana.
  5485 | D:4      | You fall into a shaft and drop 1 floor!
  5485 | D:5      | Entered Level 5 of the Dungeon
  5513 | D:5      | Reached XP level 7. HP: 46/61 MP: 7/7
  5726 | D:4      | Reached skill level 7 in Axes
  5726 | D:4      | Reached skill level 5 in Armour
  5806 | D:4      | Noticed Menkaure
  5811 | D:4      | Killed Menkaure
  5915 | D:4      | Found a bloodstained altar of Trog.
  6320 | D:5      | Found a staircase to the Ecumenical Temple.
  6328 | D:5      | Reached skill level 8 in Axes
  6353 | Temple   | Entered the Ecumenical Temple
  6367 | Temple   | Became a worshipper of Gozag Ym Sagoz the Greedy
  6507 | D:5      | Found a burning altar of Makhleb.
  6555 | D:5      | Reached XP level 8. HP: 63/70 MP: 8/8
  6647 | D:5      | Found a stormy altar of Qazlal.
  6806 | D:6      | Noticed a wraith
  6821 | D:6      | Killed a wraith
  6823 | D:6      | Reached skill level 9 in Axes
  7044 | D:6      | Reached skill level 5 in Shields
  7373 | D:6      | Found Osopp's Mass Market.
  7379 | D:6      | Noticed Pikel
  7380 | D:6      | Bought a +0 tower shield for 58 gold pieces
  7380 | D:6      | Bought a +0 plate armour for 299 gold pieces
  7433 | D:6      | Reached skill level 10 in Axes
  7447 | D:6      | Killed from afar by Pikel

Illustrated notes

Levels and vault maps discovered:
D:1:      dpeg_arrival_fog, layout_loops_cross, serial_co_window_serial,
          co_window_paths_a, co_window_corner_a, co_window_of_opportunity_a,
          co_window_corner_a, co_window_of_opportunity_a, co_window_paths_a,
          co_window_unsneaky_path_b, co_window_broadway_c, co_window_paths_c,
          co_window_corner_cb, co_window_unsneaky_path_a, co_window_paths_e,
          glass_columns_b, glass_columns_a, glass_columns_b
D:2:      layout_loops_ring
D:3:      minmay_goblin_kobold_castle, layout_loops_ring,
          mainiacjoe_overflow_six_doors_small, fedhas_altar_4,
          gup_sewer_entry_glass, dreamdust_ecumenical_altar_statues
D:4:      layout_loops_ring, okawaru_ov_weapons_minmay,
          nicolae_hepliaklqana_monster_ancestors, nicolae_tso_carved_into_rock,
          lightli_temple_of_fire, minmay_misc_feat_roman, uniq_menkaure
D:5:      layout_cave_pools, grunt_qazlal_sundering, general_overflow_altar,
          minmay_temple_entry_purple_smoke
D:6:      layout_rooms, nicolae_elyvilon_peaceful_grove, serial_undead,
          serial_undead_a, serial_undead_a, serial_undead_b, serial_undead_b,
          serial_undead_e, serial_undead_e, minmay_shop_mass,
          chequers_mini_garden, minmay_misc_feat_columns, uniq_pikel
Temple:   hellmonk_temple_two_chambers

Skill      XL: |  1  2  3  4  5  6  7  8 |
---------------+-------------------------+-----
Axes           | 3 4 5 6 8 10 | 10.2
Armour         | 4 5 6 |  6.3
Fighting       | 4 5 6 |  6.6
Shields        | 4 5 |  5.1
Dodging        | |  0.5

Action                   |  1- 3 |  4- 6 |  7- 9 || total
-------------------------+-------+-------+-------++-------
Melee: War axe           |    97 |   238 |   129 ||   464
       Quarterstaff      |       |     2 |       ||     2
       Punch             |       |     1 |     2 ||     3
  Use: Scroll            |       |     6 |     2 ||     8
       Potion            |       |     1 |     5 ||     6
Armor: Scale mail        |    23 |       |       ||    23
       Chain mail        |    20 |   156 |    73 ||   249
       Plate armour      |       |       |    25 ||    25
Dodge: Dodged            |    56 |    90 |    46 ||   192
Block: Buckler           |    32 |    46 |     7 ||    85
       Tower shield      |       |       |    20 ||    20
